 Dungeon Crawl Stone Soup version 0.27.0-1-g7a089689b8 (webtiles) character file.

Game seed: 875253241285959726

2739 Spectrina the Mender (level 9, -1/49 HPs)
             Began as a Deep Elf Monk on Aug 7, 2021.
             Was a Priest of Elyvilon.
             Slain by an orc wizard (6 damage)
             ... on level 7 of the Dungeon on Aug 8, 2021.
             The game lasted 00:57:24 (4786 turns).

Spectrina the Mender (Deep Elf Monk)                Turns: 4786, Time: 00:57:24

Health: -1/49      AC:  6    Str:  8    XL:     9   Next: 40%
Magic:  0/21       EV: 13    Int: 25    God:    Elyvilon [***...]
Gold:   449        SH:  0    Dex: 17    Spells: 22/22 levels left

rFire    . . .     SeeInvis .   a - +2 whip (elec)
rCold    . . .     Faith    .   (no shield)
rNeg     + . .     Spirit   +   k - +1 leather armour of the Zebra {rN+}
rPois    .         Reflect  .   (no helmet)
rElec    .         Harm     .   z - +0 cloak
rCorr    .         Rampage  .   (no gloves)
Will     .....                  h - +0 pair of boots
Stlth    ++........             n - amulet of guardian spirit
HPRegen  0.16/turn              H - +6 ring of intelligence
MPRegen  0.17/turn              (no ring)

@: no status effects
A: no striking features
a: Renounce Religion, Lesser Healing, Heal Other, Purification, Divine
Protection


You were on level 7 of the Dungeon.
You worshipped Elyvilon.
Elyvilon was most pleased with you.
You visited 2 branches of the dungeon, and saw 9 of its levels.

You collected 449 gold pieces.

Inventory:

Hand Weapons
 a - a +2 whip of electrocution (weapon)
 b - a +0 hunting sling
 e - a +2 hand axe of venom
 t - a +2 dagger of freezing
 u - a +1 hand axe of electrocution
 w - a +1 dagger of venom
 I - a +2 mace of holy wrath
 M - a +0 rapier
Missiles
 c - 14 poisoned darts (quivered)
 f - 235 stones
 g - 34 bolts
 A - a javelin
 B - 5 boomerangs
 K - 3 sling bullets
Armour
 h - a +0 pair of boots (worn)
 k - the +1 leather armour of the Zebra (worn) {rN+}
   (You found it on level 4 of the Dungeon)

   rN:        It protects you from negative energy.
 y - a scarf of shadows
 z - a +0 cloak (worn)
 D - a scarf of invisibility
Jewellery
 m - an amulet of the acrobat
 n - an amulet of guardian spirit (around neck)
 H - a +6 ring of intelligence (left hand)
Wands
 j - a wand of paralysis (8)
 l - a wand of flame (9)
 r - a wand of charming (6)
 x - a wand of polymorph (7)
Scrolls
 d - a scroll of blinking
 o - a scroll of teleportation
 p - a scroll of amnesia
 q - a scroll of silence
 J - a scroll of fear
 L - a scroll of immolation {unknown}
Potions
 i - 2 potions of heal wounds
 s - 2 potions of haste
 v - a potion of cancellation {unknown}
 C - a potion of magic {unknown}
 E - a potion of brilliance
 F - a potion of invisibility {unknown}
 G - 2 potions of attraction


   Skills:
 - Level 2.4 Fighting
 - Level 3.0 Short Blades
 - Level 3.6 Dodging
 - Level 2.4 Stealth
 + Level 7.0 Spellcasting
 + Level 2.6 Conjurations
 * Level 12.1 Invocations


You had 22 spell levels left.
You didn't know any spells.
Your spell library contained the following spells:

 Spells                   Type           Power      Damage    Failure   Level
 Animate Skeleton         Necr           16%        N/A       10%         1
 Pain                     Necr           32%        1d5       10%         1
 Dazzling Flash           Conj/Hex       30%        N/A       17%         3
 Vampiric Draining        Necr           4%         2d6       28%         3
 Iskenderun's Mystic Bla  Conj/Tloc      15%        2d5       50%         4
 Agony                    Necr           8%         N/A       95%         5
 Excruciating Wounds      Necr           4%         N/A       95%         5
 Starburst                Conj/Fire      7%         8x6d4     100%        6


Dungeon Overview and Level Annotations

Branches:
Dungeon (8/15)             Temple (1/1) D:4
   Lair: D:8-11

Altars:
Elyvilon
Hepliaklqana
Ru
Sif Muna
Trog

Annotations:
D:2 Sigmund
D:5 3 runed translucent doors, Spectrina's ghost, amateur DEMo


Message History

You miss something. Something hits you but does no damage.
You barely miss something.
You hear some strange, mumbled words.
Something tries to affect you, but you resist.
You hit something. Something hits you.
You hit something. Something hits you.
You barely miss something. Something hits you.
You miss something. Something barely misses you.
You miss something. Something hits you but does no damage.
You barely miss something.
You hear some strange, mumbled words.
A puff of flame appears from out of thin air!
The puff of flame hits you! Something hits you.
You hit something but do no damage. Something hits you.
* * * LOW HITPOINT WARNING * * *
Unknown command.
You miss something. Something hits you but does no damage.
Unknown command.
You barely miss something. Something hits you.
* * * LOW HITPOINT WARNING * * *
Unknown command.
You hit something. Something hits you.
* * * LOW HITPOINT WARNING * * *
Okay, then.
Unknown command.
Unknown command.
You are healed.
You hear some strange, mumbled words.
A magic dart appears from out of thin air!
The magic dart hits you.
* * * LOW HITPOINT WARNING * * *
Unknown command.
You miss something. Something hits you.
* * * LOW HITPOINT WARNING * * *
You miss something. Something hits you but does no damage.
You miss something. Something hits you but does no damage.
You barely miss something. Something hits you!
* * * LOW HITPOINT WARNING * * *
You hit something. Something hits you!
You die...

.###.......# .# .
...........#####.#.#
####...............#
####..#####.....
#####.......####
###.........###
#....#######..# ..#
##.###### .#
#...@{o# ########
######.......
.......### ##)....
######.[.#######
(... ###.......# (..
#########......# ..
.........>.....# .
#########......#
#........


You could see an orc.

Vanquished Creatures
  Pikel (D:6)
  A water moccasin (D:4)
  A sky beast (D:7)
  Crazy Yiuf (D:5)
  A black bear (D:7)
  An ice beast (D:7)
  2 ogres (D:5)
  2 necrophages
  2 lemures (D:6)
  A phantom (D:4)
  4 scorpions (D:6)
  3 bullfrog zombies (D:5)
  A hound (D:7)
  A jelly (D:5)
  A bullfrog skeleton (D:6)
  3 orc priests
  A centaur skeleton (D:4)
  6 iguanas
  4 orc wizards
  A scorpion zombie (D:5)
  A howler monkey zombie (D:5)
  5 gnolls
  7 adders
  An ufetubus (D:4)
  A worm (D:4)
  16 orcs
  8 ball pythons
  5 bats
  5 endoplasms
  3 giant cockroaches
  4 hobgoblins
  6 jackals
  3 quokkas
  A frilled lizard (D:1)
  10 goblins
  7 kobolds
  3 rats
124 creatures vanquished.

Vanquished Creatures (others)
  Menkaure (D:5)
  A warg (D:5)
  2 orc priests
  An orc wizard (D:5)
  11 orcs
  5 fungi (D:6)
  8 plants
29 creatures vanquished.

Grand Total: 153 creatures vanquished

Notes
Turn   | Place    | Note
-------+----------+-------------------------------------------
     0 | D:1      | Spectrina the Deep Elf Monk began the quest for the Orb.
     0 | D:1      | Reached XP level 1. HP: 13/13 MP: 3/3
    42 | D:1      | Reached skill level 1 in Spellcasting
   160 | D:1      | Reached XP level 2. HP: 3/18 MP: 7/7
   459 | D:2      | Found a faded altar of an unknown god.
   606 | D:2      | Reached XP level 3. HP: 20/22 MP: 10/10
   960 | D:4      | Noticed a necrophage
   967 | D:4      | Identified the +1 leather armour of the Zebra {rN+}
   998 | D:4      | Reached skill level 5 in Spellcasting
   998 | D:4      | Reached XP level 4. HP: 19/27 MP: 13/13
  1040 | D:4      | Found a staircase to the Ecumenical Temple.
  1054 | Temple   | Entered the Ecumenical Temple
  1069 | Temple   | Became a worshipper of Elyvilon the Healer
  1069 | Temple   | Reached * piety under Elyvilon
  1069 | Temple   | Reached ** piety under Elyvilon
  1085 | D:4      | Noticed a water moccasin
  1291 | D:3      | Reached skill level 1 in Invocations
  1291 | D:3      | Reached XP level 5. HP: 31/31 MP: 15/15
  1408 | D:4      | Noticed a phantom
  1418 | D:4      | Killed a phantom
  1419 | D:4      | Reached skill level 3 in Invocations
  1590 | D:4      | Reached XP level 6. HP: 21/36 MP: 12/17
  1661 | D:5      | Entered Level 5 of the Dungeon
  1713 | D:5      | Reached skill level 4 in Invocations
  1786 | D:5      | Reached *** piety under Elyvilon
  1823 | D:5      | Reached skill level 5 in Invocations
  1854 | D:5      | Found a sacrificial altar of Ru.
  1854 | D:5      | Found a bloodstained altar of Trog.
  1858 | D:5      | Found a shimmering blue altar of Sif Muna.
  1906 | D:5      | Noticed Menkaure
  2055 | D:5      | Found a runed translucent door.
  2056 | D:5      | Noticed Crazy Yiuf
  2083 | D:5      | Found a runed translucent gate.
  2183 | D:5      | Reached skill level 6 in Invocations
  2183 | D:5      | Reached XP level 7. HP: 20/40 MP: 7/18
  2220 | D:5      | Found a runed translucent gate.
  2221 | D:5      | Found a runed translucent gate.
  2222 | D:5      | Noticed Spectrina's ghost (amateur DEMo)
  2434 | D:5      | Your ally died
  2441 | D:5      | Killed Crazy Yiuf
  2442 | D:5      | Reached skill level 7 in Invocations
  2695 | D:4      | Reached skill level 8 in Invocations
  3076 | D:2      | Noticed Sigmund
  3310 | D:6      | Reached XP level 8. HP: 37/45 MP: 10/19
  3390 | D:6      | Reached skill level 9 in Invocations
  3751 | D:6      | Reached skill level 10 in Invocations
  3758 | D:6      | Noticed Pikel
  3829 | D:6      | Killed Pikel
  3830 | D:6      | Reached skill level 11 in Invocations
  3977 | D:7      | Reached XP level 9. HP: 25/49 MP: 20/20
  4084 | D:6      | Found a hazy altar of Hepliaklqana.
  4111 | D:6      | Reached skill level 1 in Conjurations
  4627 | D:7      | Reached skill level 12 in Invocations
  4786 | D:7      | Slain by an orc wizard

Illustrated notes

Levels and vault maps discovered:
D:1:      wander_arrival_fairy_ring, layout_loops_cross,
          chequers_serial_rivers_micro_a, minmay_misc_feat_hallway,
          minmay_indecisive_spiral
D:2:      layout_basic, hellmonk_ecumenical_altar_prayer_group, dk_vineyard_3,
          uniq_sigmund
D:3:      layout_rooms, kennysheep_big_empty_room
D:4:      layout_rooms, minmay_temple_entry_gardened_gates
D:5:      layout_basic, minitemple, biasface_ghost_orc_armoury,
          uniq_crazy_yiuf_cottage, uniq_menkaure
D:6:      kennysheep_steamy, layout_loops_cross,
          mainiacjoe_overflow_surrounded_room, uniq_pikel
D:7:      layout_rooms, nicolae_overflow_crystal_walls
D:8:      minmay_the_grid_plus_closed [minmay_the_grid_tri_star,
          minmay_the_grid_spin_star, minmay_the_grid_small_cups,
          minmay_the_grid_outer_circle, minmay_the_grid_prize_diamond_cup],
          layout_rooms, mainiacjoe_overflow_concentric_impassable
Temple:   bh_familiar_temple

Skill      XL: |  1  2  3  4  5  6  7  8  9 |
---------------+----------------------------+-----
Spellcasting   | 2 3 5 6 7 |  7.0
Invocations    | 1 3 6 8 11 12 | 12.1
Conjurations   | 2 |  2.6
Fighting       | |  2.4
Short Blades   | |  3.0
Dodging        | |  3.6
Stealth        | |  2.4

Action                   |  1- 3 |  4- 6 |  7- 9 || total
-------------------------+-------+-------+-------++-------
Melee: Short sword       |   109 |       |       ||   109
       Whip              |     9 |   104 |   251 ||   364
       Dagger            |     3 |     1 |    12 ||    16
       Mace              |       |       |     5 ||     5
 Fire: Hunting sling     |       |    79 |    96 ||   175
Throw: Javelin           |     6 |     1 |     1 ||     8
       Dart              |     6 |     6 |     9 ||    21
       Stone             |     2 |     3 |       ||     5
Invok: Heal Other        |       |     1 |    15 ||    16
       Lesser Healing    |       |       |     7 ||     7
       Purification      |       |       |     1 ||     1
Evoke: Wand              |       |       |    12 ||    12
  Use: Scroll            |     3 |     1 |     5 ||     9
       Potion            |     5 |     1 |     2 ||     8
 Stab: Sleeping          |     9 |     1 |     1 ||    11
       Distracted        |       |       |     1 ||     1
Armor: Robe              |    12 |       |       ||    12
       Leather armour    |     5 |    26 |    76 ||   107
Dodge: Dodged            |    73 |    76 |   177 ||   326
